AoeStats
← AOKI_GworK

Arabian Desert

510489737Analyzed
1v1 RM · 17h ago on Oct 1, 2026· 37m 38s· 2 players
Game mode
Random Map
Map size
Tiny (2 player)
Population
200
Speed
Normal
Resources
Standard
Victory
Conquest
Starting age
Dark Age
Ending age
Imperial Age
RankedLock teamsTeams togetherTeam positionsShared explorationLock speedFull tech treeHidden civsTurbo modeCheats
Victory
Defeat
🇫🇷 Goths · France
1822
+14
🇨🇳 Chinese · China
1776
-14
Cyrene
0:35 Loom
10:11 Feudal Age
15:21 Castle Age
14:12 Double-Bit Axe
28:14 Wheelbarrow
27:27 Town Watch
30:11 Wheelbarrow
30:59 Stone Mining
33:40 Fletching
34:58 Bodkin Arrow
AOKI_GworK
7:25 Loom
9:15 Feudal Age
9:19 Man-at-Arms
10:36 Double-Bit Axe
16:27 Wheelbarrow
17:48 Fletching
19:52 Scale Mail Armor
24:32 Castle Age
23:15 Stone Mining
23:16 Gold Mining
24:45 Horse Collar
24:40 Crossbowman
24:44 Long Swordsman
25:24 Squires
26:15 Bow Saw
26:54 Bodkin Arrow
29:31 Padded Archer Armor
Connection lost

Rejoining the realm…

Still unreachable

The connection could not be restored.

Session expired

The server has moved on; the page needs a fresh start.